 Dungeon Crawl Stone Soup version 0.26.1-11-gd32895ea62 (webtiles) character file.

Game seed: 9873295042260663138

133 Almogavar the Poker (level 5, -2/39 HPs)
             Began as a Merfolk Gladiator on June 18, 2021.
             Slain by a gnoll (5 damage)
             ... on level 3 of the Dungeon.
             The game lasted 00:03:48 (2725 turns).

Almogavar the Poker (Merfolk Gladiator)             Turns: 2725, Time: 00:03:49

Health: -2/39      AC:  6    Str: 15    XL:     5   Next: 16%
Magic:  5/5        EV: 14    Int:  8    God:
Gold:   175        SH:  0    Dex: 15    Spells: 4/4 levels left

rFire    . . .     SeeInvis .   a - +0 trident
rCold    + . .     Faith    .   (no shield)
rNeg     . . .     Spirit   .   b - +0 leather armour
rPois    .         Reflect  .   g - +0 helmet
rElec    .         Harm     .   k - +0 cloak
rCorr    .         Rampage  .   f - +0 pair of gloves
Will     .....                  (no boots)
Stlth    +.........             (no amulet)
HPRegen  0.13/turn              h - ring of protection from cold
MPRegen  0.09/turn              (no ring)

@: lethally poisoned (-2 -> -2)
A: change form in water, swift swim, stealthy swim
a: no special abilities


You were on level 3 of the Dungeon.
You visited 1 branch of the dungeon, and saw 3 of its levels.

You collected 175 gold pieces.

Inventory:

Hand Weapons
 a - a +0 trident (weapon)
Missiles
 d - 3 throwing nets (quivered)
Armour
 b - a +0 leather armour (worn)
 f - a +0 pair of gloves (worn)
 g - a +0 helmet (worn)
 k - a +0 cloak (worn)
Jewellery
 h - a ring of protection from cold (left hand)
Scrolls
 i - 2 scrolls of teleportation
 j - 2 scrolls of fear
 l - a scroll of enchant armour {unknown}
 m - a scroll of magic mapping {unknown}
Potions
 c - a potion of curing
 e - a potion of haste
 n - a potion of brilliance {unknown}
 o - a potion of attraction {unknown}
 p - 2 potions of lignification {unknown}
 q - a potion of mutation {unknown}
 r - a potion of heal wounds {unknown}


   Skills:
 + Level 2.5 Fighting
 + Level 6.4 Polearms
 + Level 2.0 Throwing
 + Level 1.3 Armour
 + Level 4.9 Dodging
 + Level 0.9 Stealth


You had 4 spell levels left.
You didn't know any spells.
Your spell library was empty.

Dungeon Overview and Level Annotations

Branches:
Dungeon (3/15)

Altars:
Ru


Message History

The gnoll barely misses you.
Found a stone staircase leading up.
You feel sick.
You feel sick. The kobold completely misses you.
You are too injured to fight recklessly!
You are too injured to fight recklessly!
You hit the kobold.
The kobold is moderately wounded.
The kobold misses you.
You puncture the kobold!
You kill the kobold!
The gnoll hits you from afar with a +0 spear!
* * * LOW HITPOINT WARNING * * *
You hit the gnoll.
The gnoll is lightly wounded.
The gnoll closely misses you.
You closely miss the gnoll.
The gnoll is lightly wounded.
You feel sick. The gnoll closely misses you. The gnoll hits you.
You die...

.#.......# #..(............
.##...##.# #.#....#....#...
.###.###.# #.#(..[.........
..#####..######.###..(.##.....
...###..'.......# #....##.....
........###########...........
..#+###.#......#.g..g#....#...
#.#.###.##.....#g#............
#.#.....#####..#@#............
#.###########..#.#....####....
#.#............#.####.# ####
#...######.....#.# #.#
........##.#####.# #<#
#######.##.# #.# #....# #.#
###### #.#


You could see 2 gnolls.

Vanquished Creatures
  2 vampire bats (D:3)
  2 worms
  A dart slug (D:1)
  A leopard gecko (D:2)
  An orc (D:2)
  2 giant cockroaches (D:2)
  10 goblins
  3 hobgoblins
  7 kobolds
  9 bats
  2 frilled lizards
  5 rats
45 creatures vanquished.

Notes
Turn   | Place    | Note
-------+----------+-------------------------------------------
     0 | D:1      | Almogavar the Merfolk Gladiator began the quest for the
                  | Orb.
     0 | D:1      | Reached XP level 1. HP: 16/16 MP: 1/1
   224 | D:1      | Reached XP level 2. HP: 11/22 MP: 2/2
  1101 | D:1      | Reached skill level 5 in Polearms
  1360 | D:2      | Reached XP level 3. HP: 19/27 MP: 3/3
  1674 | D:2      | Found a sacrificial altar of Ru.
  2600 | D:3      | Reached skill level 6 in Polearms
  2600 | D:3      | Reached skill level 1 in Armour
  2600 | D:3      | Reached XP level 4. HP: 30/34 MP: 4/4
  2663 | D:3      | Reached XP level 5. HP: 39/39 MP: 5/5
  2725 | D:3      | Slain by a gnoll

Illustrated notes

Levels and vault maps discovered:
D:1:      amcnicky_arrival_abandoned_market, layout_basic,
          minmay_misc_feat_enclosed, minivault_24,
          chequers_serial_rivers_micro_e, minmay_heptomino_w4
D:2:      layout_loops_corners, nicolae_overflow_crystal_walls,
          dk_noncrumbling_3
D:3:      layout_basic, grunt_temple_overflow_gold_and_silver,
          skrybe_limestone_x, roderic_batcave, nicolae_gozag_zags_fifth_avenue

Skill      XL: |  1  2  3 |
---------------+----------+-----
Polearms       | 5 6 |  6.4
Armour         | 1 |  1.3
Fighting       | |  2.5
Throwing       | |  2.0
Dodging        | |  4.9
Stealth        | |  0.9

Action                   |  1- 3 |  4- 6 || total
-------------------------+-------+-------++-------
Melee: Trident           |   110 |    31 ||   141
  Use: Scroll            |     4 |       ||     4
 Stab: Sleeping          |     1 |       ||     1
Armor: Leather armour    |    25 |     9 ||    34
Dodge: Dodged            |    70 |    33 ||   103
